Map: Green Acres

Players

User - Winner!

  • Race: Terran Terran
  • Spawn Location: 6:00

Psih - Winner!

  • Race: Terran Terran
  • Spawn Location: 9:00

Frakk - Winner!

  • Race: Zerg Zerg
  • Spawn Location: 7:00

ForceForce

  • Race: Terran Terran
  • Spawn Location: 12:00

dedushka

  • Race: Terran Terran
  • Spawn Location: 1:00

ERA

  • Race: Protoss Protoss
  • Spawn Location: 3:00

VOD

Have the link to the VOD?

Description

Time

  • Played on: Nov. 24, 2016, 6:45 a.m.
  • Length: 17:43
Show
View Real Time Build Order
Export as new Build Order

User Terran - Winner!

Build Orders: Liberator Opening 

Get SALT Encoding   

  12  0:01  SCV  
  13  0:13  SCV  
  14  0:19  Supply Depot  
  14  0:25  SCV  
  15  0:40  SCV  
  16  0:44  Barracks  
  16  0:51  Refinery  
  16  0:53  SCV  
  17  1:05  SCV  
  18  1:17  SCV  
  19  1:29  SCV  
  19  1:32  Supply Depot  
  20  1:35  Marine  
  21  1:41  SCV  
  21  1:46  Command Center  
  22  1:54  Orbital Command  
  22  1:57  Barracks Reactor  
  22  2:03  Refinery  
  23  2:22  SCV  
  23  2:23  Factory  
  23  2:35  Marine, SCV  
  23  2:36  Marine  
  26  2:49  SCV  
  27  2:53  Marine x2  
  29  3:01  SCV  
  30  3:15  Factory Reactor  
  30  3:18  Starport  
  30  3:22  Factory  
  30  3:30  Marine x2  
  32  3:40  SCV  
  34  3:43  Orbital Command  
  34  3:46  Liberator  
  33  3:52  SCV  
  34  4:01  Marine x2  
  34  4:02  Supply Depot  
  36  4:04  SCV  
  36  4:09  SCV  
  41  4:13  Factory Tech Lab  
  41  4:14  Hellion  
  41  4:15  Hellion  
  41  4:16  Refinery, SCV  
  46  4:20  Supply Depot  
  46  4:24  SCV  
  47  4:29  SCV  
  48  4:34  Marine x2  
  48  4:35  Engineering Bay  
  48  4:36  SCV  
  51  4:39  Siege Tank  
  51  4:42  Hellion x2  
  58  4:46  Supply Depot, SCV  
  58  4:48  SCV  
  60  4:57  Supply Depot  
  60  4:59  SCV  
  61  5:00  SCV  
  62  5:12  Missile Turret  
  62  5:13  Starport Reactor  
  62  5:19  Supply Depot, SCV  
  62  5:20  SCV  
  64  5:27  Marine  
  65  5:29  Siege Tank  
  65  5:30  Hellion  
  65  5:31  SCV  
  65  5:32  SCV  
  72  5:38  Marine  
  73  5:43  SCV  
  73  5:44  Marine, SCV  
  76  5:53  Refinery  
  76  5:55  SCV  
  76  5:56  Marine, SCV  
  79  6:02  Marine  
  80  6:04  Liberator x2  
  80  6:07  Supply Depot  
  80  6:08  SCV x2  
  82  6:13  Command Center  
  82  6:14  Marine  
  78  6:20  Marine, SCV  
  85  6:25  Siege Tank  
  85  6:29  Hellion  
  85  6:30  Supply Depot  
  85  6:32  Marine  
  81  6:56  SCV  
  82  7:06  Siege Tank  
  82  7:07  Hellion x2  
  90  7:08  SCV  
  90  7:10  SCV  
  91  7:20  SCV  
  91  7:22  SCV  
  93  7:32  SCV  
  93  7:34  SCV  
  95  7:40  Orbital Command  
  95  7:44  SCV  
  95  7:46  SCV  
  97  7:56  SCV  
  97  7:58  SCV  
  99  8:09  SCV  
  99  8:10  SCV  
  101  8:21  SCV  
  101  8:22  Missile Turret, SCV  
  103  8:28  Hi-Sec Auto Tracking  
  103  8:30  Hellion, Siege Tank  
  103  8:33  SCV  
  109  8:34  Armory  
  109  8:45  Missile Turret  
  109  9:02  Supply Depot  
  109  9:09  Supply Depot  
  109  9:16  Refinery  
  109  9:19  Refinery  
  109  9:24  Terran Vehicle And Ship Armor Level 1, Siege Tank, Hellion x2  
  116  9:26  Supply Depot  
  116  9:28  Factory  
  116  9:34  Factory  
  116  9:35  Supply Depot  
  116  9:38  Viking x2  
  124  9:45  Hellion x2  
  124  9:48  Starport  
  124  9:56  Missile Turret, Siege Tank  
  127  10:07  Supply Depot  
  127  10:08  Supply Depot  
  127  10:09  Viking x2  
  127  10:12  Infernal Pre-Igniter  
  131  10:15  Hellion x2  
  131  10:19  Missile Turret  
  135  10:28  Siege Tank  
  136  10:41  Missile Turret  
  136  10:57  Factory Tech Lab  
  136  10:58  Factory Tech Lab  
  136  11:00  Siege Tank  
  136  11:01  Factory  
  139  11:04  Starport Reactor  
  139  11:05  Missile Turret  
  139  11:18  Armory  
  139  11:28  Missile Turret  
  139  11:32  Siege Tank  
  142  11:43  Terran Vehicle And Ship Armor Level 2  
  142  11:45  Building Armor  
  142  11:53  Missile Turret  
  139  11:55  Hellbat x2  
  139  11:56  Siege Tank x2  
  149  12:04  Siege Tank  
  149  12:28  Siege Tank x2  
  155  12:49  Hellion  
  157  13:50  Viking  
  157  13:55  Terran Vehicle Weapons Level 1  
  156  13:57  Viking, Siege Tank  
  156  13:58  Factory Tech Lab  
  156  13:59  Siege Tank  
  156  14:00  Terran Ship Weapons Level 1  
  156  14:01  Hellion  
  157  14:07  Hellion  
  157  14:08  Hellion  
  157  14:10  Viking  
  157  14:16  Viking  
  159  14:20  Viking  
  159  14:22  Siege Tank  
  157  14:27  Viking  
  157  14:28  Hellion  
  157  14:29  Hellion, Siege Tank  
  157  14:31  Siege Tank  
  152  14:54  Siege Tank  
  155  15:02  Command Center, Siege Tank  
  155  15:03  Siege Tank  
  155  15:05  Thor  
  158  15:26  Siege Tank  
  161  15:34  Siege Tank  
  161  15:35  Thor  
  170  15:48  Thor  
  175  15:58  Thor  
  181  16:05  Thor  
  181  16:07  Refinery  
  181  16:08  Refinery  
  185  16:17  Thor  
  189  16:31  Thor  
  195  16:55  Siege Tank  
Show
View Real Time Build Order
Export as new Build Order

Psih Terran - Winner!

Build Orders: Command Center First (CC), MMM Bio 

Get SALT Encoding   

  12  0:01  SCV  
  13  0:13  SCV  
  14  0:20  Supply Depot  
  14  0:25  SCV  
  15  0:42  SCV  
  16  0:54  SCV  
  17  1:06  SCV  
  17  1:11  Command Center  
  18  1:15  Refinery  
  18  1:18  SCV  
  19  1:27  Supply Depot  
  19  1:30  SCV  
  20  1:40  Barracks  
  20  1:46  SCV  
  21  1:50  Refinery  
  21  1:58  SCV  
  22  2:17  SCV  
  23  2:25  Command Center  
  23  2:31  Orbital Command  
  23  2:33  Barracks Tech Lab  
  23  2:43  SCV  
  24  2:55  SCV  
  24  2:57  Engineering Bay  
  25  3:00  Combat Shields  
  25  3:07  SCV  
  25  3:12  SCV  
  27  3:19  SCV  
  28  3:21  Barracks  
  28  3:24  SCV  
  29  3:31  SCV  
  30  3:43  Barracks, SCV, Hi-Sec Auto Tracking  
  31  3:51  Factory  
  31  3:53  Barracks  
  31  3:55  SCV x2  
  32  3:58  SCV  
  34  4:07  Barracks, SCV  
  35  4:10  Barracks Reactor  
  35  4:19  Stimpack  
  35  4:20  SCV  
  35  4:21  SCV  
  37  4:32  Supply Depot, SCV  
  37  4:33  SCV  
  39  4:39  Supply Depot  
  39  4:40  Starport, Terran Infantry Armor Level 1  
  39  4:42  Barracks Reactor  
  39  4:44  SCV  
  39  4:45  SCV  
  41  4:57  Barracks Reactor  
  41  4:58  Missile Turret  
  41  4:59  Missile Turret  
  42  5:00  SCV  
  42  5:07  Refinery  
  42  5:09  Refinery  
  42  5:12  SCV  
  42  5:14  Refinery  
  43  5:15  Refinery  
  43  5:21  Marauder, Marine  
  45  5:22  Marine  
  45  5:23  Marine  
  45  5:24  SCV  
  50  5:35  SCV  
  50  5:36  SCV  
  50  5:42  Marauder  
  53  5:45  Starport Reactor  
  53  5:47  Starport, Widow Mine, SCV  
  53  5:48  SCV  
  57  5:53  Marine  
  57  5:54  Marine x5  
  63  6:00  SCV  
  63  6:02  Starport  
  63  6:04  Marauder  
  66  6:11  Armory  
  66  6:12  SCV  
  66  6:16  Widow Mine  
  69  6:21  Planetary Fortress  
  69  6:24  SCV  
  69  6:25  Marauder, Missile Turret  
  72  6:28  Missile Turret  
  72  6:29  Missile Turret  
  72  6:31  Missile Turret  
  72  6:34  Terran Infantry Weapons Level 1  
  72  6:38  Marine x5  
  77  6:51  Planetary Fortress  
  77  6:56  Missile Turret  
  77  6:59  Missile Turret  
  77  7:08  Widow Mine, Medivac, Marine x4  
  77  7:10  Supply Depot, Medivac, Marine x4  
  91  7:24  Medivac  
  91  7:28  Supply Depot  
  93  7:32  Medivac, Marine  
  93  7:36  Widow Mine  
  96  7:38  Medivac  
  100  7:49  Supply Depot  
  100  7:50  Medivac  
  102  7:53  Medivac  
  104  8:02  Medivac  
  104  8:04  Marine  
  104  8:05  Marine x7  
  109  8:08  Medivac  
  116  8:22  Marine  
  116  8:23  Marine x3  
  116  8:24  Widow Mine  
  122  8:28  Terran Infantry Armor Level 2  
  122  8:53  Widow Mine  
  109  9:21  Widow Mine  
  95  9:34  Liberator, Marauder  
  95  9:35  Liberator, Marine  
  95  9:36  Marine x6  
  104  9:50  Widow Mine  
  112  9:53  Marine x3  
  112  9:54  Marine x4  
  112  9:56  Marauder  
  121  10:11  Marine x4  
  125  10:27  Concussive Shells  
  125  10:44  Terran Infantry Weapons Level 2  
  125  10:53  Marauder  
  125  10:57  Marine x2  
  125  11:23  Marine x2  
  125  11:44  Marine  
  125  11:45  Marine x2  
  125  11:47  Marine x2  
  125  11:48  Marine  
  125  11:56  Marine  
  125  11:59  Marauder  
  125  12:00  Widow Mine  
  123  12:02  Marine  
  123  12:05  Marine  
  123  12:06  Marine  
  116  12:14  Marine  
  111  12:20  Marauder  
  108  12:23  Marine  
  109  12:32  Marine  
  110  12:41  Marine  
  111  12:50  Marine  
  112  13:07  Medivac x4  
  112  13:12  Marine  
  120  13:13  Marine x4  
  125  13:20  Terran Infantry Weapons Level 3  
  125  13:21  Marine x2  
  125  13:22  Marine  
  120  13:30  Marine  
  120  13:31  Marine x4  
  123  13:37  Medivac  
  123  13:38  Medivac x3  
  123  13:39  Marine x2  
  133  13:42  Marine  
  133  13:48  Marine x4  
  129  13:49  Marine  
  134  13:57  Marine x2  
  134  14:00  Marine  
  137  14:06  Marine x4  
  137  14:07  Medivac, Marine  
  137  14:09  Medivac x2  
  141  14:12  Medivac  
  141  14:15  Marine x2  
  132  14:37  Medivac  
  132  14:39  Medivac x2  
  136  14:49  Marine x5  
  141  15:30  Marine x2  
  141  15:49  Marine x5  
  141  17:14  Marine x2  
Show
View Real Time Build Order
Export as new Build Order

Frakk Zerg - Winner!

Build Orders: Pool First 

Get SALT Encoding   

  12  0:01  Drone  
  13  0:09  Drone  
  14  0:15  Extractor  
  14  0:18  Extractor  
  12  0:22  Drone  
  12  0:23  Drone  
  16  0:29  Overlord  
  16  0:48  Drone  
  17  0:50  Extractor  
  16  0:57  Spawning Pool  
  16  0:59  Drone x2  
  17  1:09  Drone  
  18  1:21  Drone  
  19  1:34  Drone  
  19  1:35  Hatchery  
  19  1:43  Queen  
  21  1:51  Metabolic Boost  
  22  1:54  Drone  
  22  1:59  Overlord  
  22  2:19  Zergling x4  
  24  2:30  Drone  
  24  2:33  Lair  
  24  2:34  Extractor  
  24  2:38  Zergling x2  
  25  2:55  Zergling x10  
  30  3:00  Drone  
  30  3:04  Spore Crawler  
  30  3:09  Spine Crawler  
  30  3:12  Spine Crawler  
  28  3:14  Spine Crawler  
  28  3:15  Drone  
  28  3:18  Zergling x2  
  26  3:41  Queen  
  26  3:43  Overlord  
  28  3:53  Drone  
  28  3:54  Drone x2  
  31  4:02  Overlord  
  31  4:09  Drone  
  32  4:14  Drone x2  
  34  4:18  Drone  
  35  4:27  Spine Crawler  
  35  4:30  Drone  
  35  4:37  Spine Crawler  
  34  4:47  Hydralisk Den  
  33  4:55  Drone  
  33  4:57  Drone  
  33  4:58  Drone x3  
  38  5:03  Extractor  
  38  5:05  Pneumatized Carapace  
  37  5:49  Burrow  
  37  5:53  Muscular Augments  
  37  6:07  Hydralisk x7  
  37  6:09  Overlord x2  
  51  6:52  Evolution Chamber  
  51  6:53  Evolution Chamber  
  49  6:58  Drone x2  
  49  6:59  Drone x5  
  56  7:03  Drone x6  
  56  7:04  Grooved Spines  
  56  7:07  Overlord  
  57  7:28  Nydus Network  
  56  7:30  Spine Crawler  
  56  7:33  Spore Crawler  
  54  7:41  Spore Crawler  
  53  7:44  Zerg Missile Weapons Level 1  
  53  7:45  Zerg Ground Armor Level 1  
  53  7:49  Drone  
  53  7:50  Drone x3  
  57  7:56  Drone  
  57  7:57  Drone x2  
  60  7:59  Drone  
  61  8:10  Extractor  
  60  8:26  Drone x6  
  66  8:37  Spine Crawler  
  66  8:39  Spore Crawler  
  66  8:40  Drone  
  65  8:56  Spore Crawler  
  65  8:59  Hydralisk  
  65  9:00  Hydralisk x5  
  65  9:02  Overlord  
  76  9:04  Overlord  
  76  9:21  Hydralisk x3  
  76  9:22  Hydralisk x2  
  86  9:50  Infestation Pit  
  86  9:51  Spine Crawler  
  84  10:00  Overlord x2  
  84  10:20  Zerg Missile Weapons Level 2  
  84  10:21  Zerg Ground Armor Level 2  
  84  10:23  Hydralisk x7  
  84  10:25  Hydralisk  
  100  11:32  Nydus Canal  
  92  12:21  Nydus Canal  
  51  12:42  Hydralisk x19  
  55  14:26  Hatchery  
Show
View Real Time Build Order
Export as new Build Order

ForceForce Terran 

Build Orders:  

Get SALT Encoding   

  12  0:03  SCV  
  13  0:18  Supply Depot, SCV  
  14  0:30  SCV  
  15  0:43  Barracks, SCV  
  16  0:55  SCV  
  17  1:07  SCV  
  18  1:19  SCV  
  19  1:30  Barracks  
  19  1:34  Marine  
  19  1:35  Supply Depot  
  19  1:39  Orbital Command  
  20  1:52  Marine  
  21  2:09  Engineering Bay, Marine  
  21  2:10  SCV  
  23  2:25  Marine  
  23  2:27  Marine  
  25  2:36  Barracks  
  25  2:38  Command Center  
  25  2:43  Marine  
  26  2:45  Marine  
  26  2:46  SCV  
  26  2:49  Refinery  
  28  3:01  Marine  
  28  3:02  SCV  
  28  3:03  Marine  
  31  3:14  Supply Depot  
  31  3:16  SCV  
  31  3:19  Marine  
  33  3:21  Marine  
  34  3:31  SCV  
  35  3:35  Marine  
  35  3:37  Marine  
  37  3:42  Supply Depot  
  37  3:46  Marine  
  38  3:49  SCV  
  38  3:52  Marine  
  38  3:53  Orbital Command  
  38  3:55  Marine  
  41  4:01  SCV  
  42  4:10  Refinery  
  42  4:13  SCV  
  43  4:17  Marine x3  
  43  4:18  Factory  
  46  4:29  SCV  
  46  4:30  SCV  
  48  4:33  Barracks  
  48  4:35  Marine x2  
  50  4:41  SCV  
  51  4:54  SCV  
  51  4:55  SCV  
  51  4:59  Marine x2  
  54  5:00  Marine  
  54  5:04  Factory Tech Lab  
  56  5:13  Starport  
  56  5:17  Marine x2  
  56  5:18  Marine  
  59  5:26  Siege Tank  
  62  5:52  Starport Reactor  
  62  5:57  Starport  
  62  6:06  SCV x2  
  62  6:07  Engineering Bay  
  60  6:18  SCV  
  56  6:29  Marine  
  56  6:30  Marine x3  
  60  6:41  Barracks  
  60  6:46  Medivac x3  
  66  6:47  Marine x2  
  66  6:48  Marine x2  
  70  7:03  Refinery  
  70  7:14  Supply Depot  
  70  7:23  Barracks Tech Lab  
  70  7:25  Barracks Tech Lab  
  70  7:29  Refinery  
  70  7:30  Barracks  
  70  7:36  Marine x2  
  72  7:37  Supply Depot, Barracks Tech Lab  
  72  7:41  Marine  
  73  7:53  Marine x2  
  73  7:57  Marine x2  
  77  7:59  Marine  
  78  8:10  Combat Shields  
  78  8:11  Marine x2  
  80  8:14  Supply Depot  
  80  8:15  Marine x2  
  80  8:16  Marine  
  83  8:24  Viking  
  85  8:29  Marine  
  86  8:35  Marine x3, SCV x2  
  86  8:36  Supply Depot, Marauder  
  93  8:41  Marine  
  93  8:47  Marine  
  78  8:54  Marauder x2  
  79  8:57  Marauder  
  63  9:19  Marine x6  
  61  10:03  Engineering Bay  
  61  10:09  Supply Depot  
  61  10:30  Engineering Bay  
  61  10:32  Supply Depot  
  61  10:53  Marine x2  
  63  11:20  Command Center  
  63  11:46  Marauder  
  63  11:56  Marine x2  
  63  11:57  Marine  
  63  11:59  Marauder  
  63  12:01  Marauder  
  63  12:03  Medivac  
  63  12:05  Medivac  
  63  12:07  Medivac  
  63  12:14  Marauder, Marine  
  63  12:15  Marine x2  
  63  12:22  Marauder, Marine  
  60  12:32  Marine  
  60  12:33  Marine x2  
  60  12:35  Medivac, Marine  
  66  12:40  Marine  
  66  12:42  Marine  
  64  12:50  Marine  
  64  12:51  Marine x2  
  62  12:54  Marauder  
  62  12:58  Marauder  
  61  13:01  Marauder  
  58  13:07  Marine  
  58  13:09  Marine x2  
  60  13:14  Marine  
  60  13:19  Marine  
  50  13:22  Marine  
  50  13:25  Marine  
  50  13:26  Marine x2  
  36  14:12  Marine x4  
  40  14:29  Marine  
  40  14:30  Marine x3, SCV  
  43  14:42  SCV  
  43  14:47  Marine  
  43  14:48  Marine x3  
  41  14:54  SCV  
  32  15:04  Medivac x3  
  32  15:06  SCV  
  39  15:34  Medivac  
  15  16:32  Marine x4  
  13  16:50  Marine x4  
Show
View Real Time Build Order
Export as new Build Order

dedushka Terran 

Build Orders: MMM Bio 

Get SALT Encoding   

  12  0:05  SCV  
  13  0:17  SCV  
  14  0:27  Supply Depot  
  14  0:29  SCV  
  14  0:33  Supply Depot  
  15  0:42  Supply Depot  
  15  0:48  SCV  
  16  1:01  SCV  
  17  1:05  Supply Depot  
  17  1:13  SCV  
  17  1:15  Refinery  
  18  1:19  Refinery  
  18  1:25  SCV  
  19  1:37  Barracks  
  19  1:48  Barracks  
  19  1:56  SCV  
  20  2:08  SCV  
  21  2:20  SCV  
  22  2:33  SCV  
  23  2:40  Barracks Reactor x2  
  23  2:43  Barracks  
  23  2:47  Barracks  
  23  3:34  Factory  
  23  3:36  Factory  
  23  3:45  Barracks Tech Lab x2  
  23  3:48  SCV  
  24  4:21  Factory Tech Lab x2, Ghost Academy  
  24  4:24  Ghost Academy  
  24  4:34  Marine x4  
  24  4:35  Marine x2  
  30  4:52  Factory, Marine x4  
  33  4:53  Marine x2  
  36  5:00  Supply Depot  
  36  5:12  Personal Cloaking  
  36  5:24  Supply Depot  
  36  5:25  Ghost x2  
  40  5:37  Stimpack  
  40  5:38  Combat Shields  
  40  5:39  Supply Depot  
  40  5:42  Factory Reactor  
  40  5:51  Supply Depot  
  40  6:21  Siege Tank x2  
  46  6:36  Marine x4  
  46  6:37  Marine  
  46  6:38  Marine  
  52  6:54  Marine x4  
  52  6:56  Nuke x2  
  56  8:04  Starport  
  56  8:06  Siege Tank  
  56  8:07  Starport  
  56  8:10  Siege Tank  
  62  8:31  Orbital Command  
  62  8:44  Command Center  
  62  9:29  Starport Tech Lab x2  
  62  9:36  Fusion Core  
  62  9:39  Siege Tank x2  
  68  11:10  Marine x6  
  74  11:17  Siege Tank x2  
  80  11:27  Marine  
  80  11:28  Marine x5  
  86  11:45  Marine  
  86  11:46  Marine x5  
  84  12:03  Marine  
  84  12:04  Marine  
  53  13:52  Orbital Command  
Show
View Real Time Build Order
Export as new Build Order

ERA Protoss 

Build Orders:  

Get SALT Encoding   

  12  0:01  Probe (Chrono Boost)  
  13  0:12  Probe (Chrono Boost)  
  14  0:18  Pylon  
  14  0:22  Probe (Chrono Boost)  
  15  0:36  Probe (Chrono Boost)  
  15  0:38  Gateway  
  16  0:45  Assimilator  
  16  0:53  Pylon  
  16  0:55  Probe (Chrono Boost)  
  17  1:06  Probe (Chrono Boost)  
  18  1:16  Probe (Chrono Boost)  
  19  1:19  Gateway  
  19  1:26  Cybernetics Core  
  19  1:30  Probe (Chrono Boost)  
  20  1:44  Assimilator  
  20  1:45  Probe (Chrono Boost)  
  21  1:56  Probe (Chrono Boost)  
  22  2:05  Adept  
  22  2:07  Mothership Core (Chrono Boost), Adept  
  28  2:19  Warp Gate  
  28  2:27  Probe (Chrono Boost)  
  29  2:33  Nexus  
  29  2:39  Adept  
  31  2:51  Pylon  
  31  2:57  Pylon  
  31  3:09  Probe (Chrono Boost)  
  32  3:19  Robotics Facility  
  28  3:42  Adept x2  
  32  3:48  Twilight Council  
  32  3:50  Probe x2 (Chrono Boost)  
  34  4:01  Probe x2 (Chrono Boost)  
  36  4:04  Forge  
  36  4:11  Probe x2 (Chrono Boost)  
  36  4:12  Observer  
  36  4:14  Resonating Glaives  
  39  4:26  Probe x2 (Chrono Boost)  
  41  4:33  Warp Prism  
  41  4:36  Pylon  
  41  4:37  Probe x2 (Chrono Boost)  
  45  4:43  Protoss Ground Weapons Level 1 (Chrono Boost)  
  45  4:50  Adept x2  
  49  4:55  Probe  
  49  4:56  Probe  
  51  5:08  Probe x2  
  51  5:11  Immortal  
  57  5:20  Probe x2  
  59  5:24  Photon Cannon  
  59  5:26  Assimilator  
  59  5:32  Probe x2  
  59  5:33  Assimilator  
  59  5:34  Gateway  
  61  5:36  Adept  
  61  5:37  Adept  
  56  7:00  Photon Cannon  
  52  7:25  Pylon  
  52  7:27  Nexus  
  52  7:29  Pylon  
  52  7:33  Pylon  
  52  7:37  Immortal, Pylon  
  52  7:38  Blink  
  52  7:44  Pylon  
  56  7:49  Stalker x3  
  60  8:00  Photon Cannon  
  60  8:03  Probe x2  
  60  8:04  Photon Cannon  
  62  8:06  Photon Cannon  
  62  8:15  Probe  
  62  8:16  Probe, Immortal  
  67  8:23  Protoss Ground Weapons Level 2 (Chrono Boost)  
  67  8:27  Probe  
  67  8:28  Probe  
  69  8:35  Robotics Bay  
  69  8:39  Probe  
  69  8:40  Probe  
  63  8:49  Adept x3  
  63  8:51  Probe  
  63  8:55  Warp Prism  
  72  9:09  Assimilator  
  72  9:13  Assimilator  
  68  9:33  Extended Thermal Lance  
  68  9:44  Photon Cannon  
  68  9:49  Probe  
  69  9:55  Stalker x3  
  75  10:01  Probe  
  76  10:13  Probe, Colossus  
  83  10:34  Adept x2  
  83  10:35  Adept  
  89  10:43  Stargate  
  89  10:48  Photon Cannon  
  89  10:53  Photon Cannon  
  89  11:19  Zealot  
  89  11:20  Zealot x2  
  94  11:29  Gateway  
  94  11:32  Gateway  
  91  11:33  Gateway  
  91  11:36  Gateway  
  91  11:39  Gateway  
  84  11:52  Adept x2  
  66  12:08  Void Ray  
  70  12:21  Stalker x2  
  56  12:45  Adept x4  
  56  12:46  Adept x3  
  70  12:58  Robotics Facility x2  
  70  13:08  Adept x6  
  70  13:09  Adept  
  80  14:03  Stalker x2  
  80  14:04  Stalker x3  
  50  15:01  Adept  
  50  15:02  Adept x4  
  53  15:32  Adept x2  
  53  15:33  Adept x3  
Tags
 
Add a new tag
Caveats
  • Supply blocks, unpowered buildings, or Contaminate may cause inaccurate times.
  • Supply counts are checked every 10 seconds.